AoeStats
← Yomajesty

Arena

504816369Analyzed
1v1 RM · 24d ago on Sep 6, 2026· 36m 53s· 2 players
Game mode
Random Map
Map size
Tiny (2 player)
Population
200
Speed
Normal
Resources
Standard
Victory
Conquest
Starting age
Dark Age
Ending age
Imperial Age
RankedLock teamsTeams togetherTeam positionsShared explorationLock speedFull tech treeHidden civsTurbo modeCheats
Victory
Defeat
🇺🇸 Byzantines · United States
742
+24
🇺🇸 Vietnamese · United States
766
-17
Yomajesty
11:57 Feudal Age
12:16 Loom
13:08 Double-Bit Axe
13:06 Horse Collar
14:08 Wheelbarrow
16:52 Gold Mining
16:58 Stone Mining
17:06 Fletching
18:15 Padded Archer Armor
22:36 Castle Age
21:24 Forging
21:15 Scale Mail Armor
21:24 Scale Barding Armor
24:10 Hand Cart
23:58 Bodkin Arrow
27:49 Imperial Age
26:59 Gold Shaft Mining
27:00 Stone Shaft Mining
27:09 Iron Casting
27:07 Murder Holes
27:33 Ballistics
27:58 Bow Saw
28:58 Chain Barding Armor
28:53 Fortified Wall
28:27 Treadmill Crane
29:10 Fervor
30:07 Bracer
30:11 Heavy Plow
31:36 Chemistry
32:40 Crop Rotation
33:14 Conscription
34:35 Plate Barding Armor
35:05 Two-Man Saw
SQuaTchn U1576
0:28 Loom
11:41 Feudal Age
13:09 Wheelbarrow
12:23 Double-Bit Axe
12:23 Horse Collar
13:55 Gold Mining
18:57 Castle Age
17:36 Stone Mining
17:57 Scale Barding Armor
18:57 Forging
18:38 Fletching
18:50 Padded Archer Armor
18:52 Scale Mail Armor
20:11 Hand Cart
23:59 Town Watch
24:41 Bow Saw
24:39 Heavy Plow
26:00 Chain Barding Armor
31:28 Imperial Age
29:09 Bodkin Arrow
29:44 Sanctity
29:49 Town Patrol
30:32 Leather Archer Armor
32:07 Iron Casting
31:49 Chain Mail Armor
32:49 Hoardings
33:44 Chemistry
32:57 Fortified Wall
32:29 Treadmill Crane
32:46 Murder Holes
33:34 Guilds
33:34 Bracer
33:05 Elite Skirmisher
33:51 Thumb Ring
36:47 Stone Shaft Mining
37:17 Two-Man Saw
36:56 Crop Rotation
37:02 Plate Mail Armor
37:12 Ring Archer Armor
36:37 Crossbowman
Connection lost

Rejoining the realm…

Still unreachable

The connection could not be restored.

Session expired

The server has moved on; the page needs a fresh start.